 Dungeon Crawl Stone Soup version 0.26-a0-837-g5a8a614f01 (webtiles) character file.

Game seed: 476195284303736909

2 RaHiT the Sneak (level 1, -2/16 HPs)
             Began as an Octopode Delver on Nov 18, 2020.
             Slain by an orc priest
             ... wielding a +0 flail
              (6 damage)
             ... on level 5 of the Dungeon.
             The game lasted 00:01:05 (49 turns).

RaHiT the Sneak (Octopode Delver)                     Turns: 49, Time: 00:01:06

Health: -2/16      AC:  1    Str: 11    XL:     1   Next: 30%
Magic:  1/1        EV: 13    Int: 12    God:
Gold:   0          SH:  0    Dex: 13    Spells: 0/0 levels left

rFire    . . .     SeeInvis .     - Unarmed
rCold    + . .     Faith    .   (no shield)
rNeg     . . .     Spirit   .   (helmet restricted)
rPois    .         Reflect  .   (no amulet)
rElec    .         Harm     .   g - ring of protection from cold
rCorr    .         Rampage  .   (no ring)
MR       .....                  (no ring)
Stlth    ++++......             (no ring)
HPRegen  0.05/turn              (no ring)
MPRegen  0.07/turn              (no ring)
                                (no ring)
                                (no ring)

@: hasted and slowed
A: almost no armour, stealthy swim, amphibious, 8 rings, constrict 8, camouflage
1, gelatinous body 1
a: no special abilities


You were on level 5 of the Dungeon.
You visited 1 branch of the dungeon, and saw 1 of its levels.

Inventory:

Jewellery
 g - a ring of protection from cold (left tentacle)
Wands
 e - a wand of digging (3)
Scrolls
 a - a scroll of fog
 h - a scroll of identify {unknown}
Potions
 f - a potion of mutation {unknown}


   Skills:
 - Level 3.0 Fighting
 - Level 2.0 Dodging
 * Level 6.7 Stealth
 - Level 2.0 Unarmed Combat


You couldn't memorise any spells.
You didn't know any spells.
Your spell library was empty.

Dungeon Overview and Level Annotations

Branches:
Dungeon (5/15)
 Temple: D:4-7

Altars:


Innate Abilities, Weirdness & Mutations

You cannot wear most types of armour.
You are very stealthy in the water. (Stealth+)
You are amphibious.
You can wear up to eight rings at the same time.
You can use your tentacles to constrict eight enemies at once.
Your skin changes colour to match your surroundings (Stealth+).
Your rubbery body absorbs attacks. (AC +1, EV +1)


Message History

Okay, then.
As you read the scroll of magic mapping, it crumbles to dust.
You feel aware of your surroundings.
The orc wizard casts a spell.
The orc wizard blinks!
The orc wizard casts a spell.
The orc wizard blinks!
You feel yourself speed up.
You tentacle-slap the orc priest.
Your attack snaps the orc priest out of its fear.
Your grab misses the orc priest. Your squeeze misses the orc priest.
The orc priest is moderately wounded.
The orc priest hits you with a +0 flail.
* * * LOW HITPOINT WARNING * * *
You barely miss the orc priest. You grab the orc priest.
Your squeeze misses the orc priest.
The orc priest is moderately wounded.
You constrict the orc priest, but do no damage.
The orc priest hits you with a +0 flail.
You die...

#.#...#...#*****,,******,,,*
#.#.....+,,,,,,,,,,,,,,,,***
#......#*,,,,,,,,,*,,*****
##.....#*,,,,,,,,,*,**
#.###.#*,,,,,,,,,*,* #.#
#.#***********,* #.# #.# *,*
#.# #.############.# #.#
#..[....##.@o..# #.#
#######.##.##### *#.* #.##.#
,,,* #....# **** ######


You could see an orc priest.

Vanquished Creatures
  An orc (D:5)
1 creature vanquished.

Notes
Turn   | Place    | Note
-------+----------+-------------------------------------------
     0 | D:5      | RaHiT the Octopode Delver began the quest for the Orb.
     0 | D:5      | Reached XP level 1. HP: 16/16 MP: 1/1
    39 | D:5      | Noticed an orc wizard
    44 | D:5      | Noticed an orc priest
    49 | D:5      | Slain by an orc priest

Illustrated notes

Levels and vault maps discovered:
D:5:      layout_basic, minmay_hollow_rounded_squares

Action                   || total
-------------------------++-------
Melee: Unarmed           ||     5
       Constrict         ||     2
       Tentacles         ||     1
  Use: Scroll            ||     2
       Potion            ||     1
Armor: Skin              ||     1
Dodge: Dodged            ||     1

Table legend: (Time is in decaauts)
 A = Elapsed time spent in this place.
 B = Non-inter-level travel time spent in this place.
 C = Inter-level travel time spent in this place.
 D = Time resting spent in this place.
 E = Time spent auto-exploring this place.
 F = Levels seen in this place.
 G = Mean time per level.
                   A        B        C        D        E       F      G
               +--------+--------+--------+--------+--------+-----+--------+
         Total |     51 |     51 |      0 |      0 |      0 |   1 |   51.0 |
       Dungeon |     51 |     51 |      0 |      0 |      0 |   1 |   51.0 |
               +--------+--------+--------+--------+--------+-----+--------+

Top non-repeatable levels by time:
     D:5: 51 daAuts
